 Dungeon Crawl Stone Soup version 0.28.0 (webtiles) character file.

Game seed: 13736520127116013841

6087 issech the Basher (level 10, -1/90 HPs)
             Began as a Troll Monk on Feb 13, 2022.
             Was a Priest of Hepliaklqana.
             Slain by a killer bee (3 damage)
             ... on level 9 of the Dungeon.
             The game lasted 00:38:52 (8835 turns).

issech the Basher (Troll Monk)                      Turns: 8835, Time: 00:38:52

Health: -1/90      AC:  7    Str: 21    XL:     10   Next: 58%
Magic:  0/9        EV: 12    Int:  6    God:    Hepliaklqana [***...]
Gold:   363        SH:  0    Dex: 16    Spells: 9/9 levels left

rFire   . . .      SeeInvis +   J - +1 giant spiked club (flame)
rCold   . . .      Faith    .   (shield currently unavailable)
rNeg    . . .      Spirit   +   b - +0 robe
rPois   .          Reflect  .   U - +2 hat {Will+}
rElec   .          Harm     .   E - +0 cloak
rCorr   +          Rampage  .   (gloves unavailable)
Will    +....                   (boots unavailable)
Stlth   ++........              M - amulet of guardian spirit
HPRegen 1.05/turn               H - ring of resist corrosion
MPRegen 0.11/turn               P - ring of see invisible

@: lethally poisoned (-1 -> -5), about to teleport
A: reduced essence, large, unfitting armour, claws 3, regeneration 1, shaggy fur
1, tough skin 1
a: Renounce Religion, Recall Ancestor, Ancestor Identity, Transference


You were on level 9 of the Dungeon.
You worshipped Hepliaklqana.
Hepliaklqana was most pleased with you.
You visited 2 branches of the dungeon, and saw 10 of its levels.

You collected 580 gold pieces.
You spent 217 gold pieces at shops.

Inventory:

Hand Weapons
 a - a +1 dagger of draining
 v - a +1 dagger of electrocution
 D - a +4 quarterstaff of chaos
 J - a +1 giant spiked club of flaming (weapon)
 N - a +4 long sword
 T - a +1 war axe of venom
 W - a +4 mace of protection
 X - a +0 arbalest
 Y - a +1 vorpal shortbow
Missiles
 c - 6 large rocks (quivered)
 e - 15 poisoned darts
 f - 166 sling bullets
 h - 233 stones
 j - 4 boomerangs
 n - 106 arrows
 t - 2 silver javelins
 B - 64 bolts
 Q - a curare-tipped dart
 V - a boomerang of dispersal
Armour
 b - a +0 robe (worn)
 E - a +0 cloak (worn)
 K - a +0 kite shield
 U - a +2 hat of willpower (worn)
Jewellery
 d - an amulet of the acrobat
 m - an amulet of reflection
 H - a ring of resist corrosion (left claw)
 M - an amulet of guardian spirit (around neck)
 P - a ring of see invisible (right claw)
Wands
 G - a wand of polymorph (14)
Scrolls
 g - a scroll of teleportation
 i - 2 scrolls of immolation
 l - a scroll of fog
 o - a scroll of holy word
 p - a scroll of identify
 x - a scroll of summoning
 y - a scroll of silence
 A - 2 scrolls of torment
 F - 2 scrolls of enchant armour
 I - a scroll of vulnerability
 R - a scroll of enchant weapon
 S - a scroll of noise
Potions
 k - a potion of heal wounds {unknown}
 q - 2 potions of curing
 r - a potion of resistance {unknown}
 s - a potion of cancellation {unknown}
 u - 2 potions of flight
 w - a potion of haste {unknown}
 z - 2 potions of might
 C - a potion of berserk rage {unknown}
 L - a potion of ambrosia


   Skills:
 + Level 6.6 Fighting
 + Level 11.2(11.5) Maces & Flails
 + Level 3.6(7.5) Staves
 + Level 0.2 Throwing
 + Level 5.2 Dodging
 + Level 2.3 Stealth


You had 9 spell levels left.
You didn't know any spells.
Your spell library contained the following spells:

 Spells                   Type           Power      Damage    Failure   Level
 Freeze                   Ice            0%         1d3       45%         1
 Pain                     Necr           0%         1d4       45%         1
 Sting                    Tmut/Pois      0%         1d3       45%         1
 Ensorcelled Hibernation  Hex/Ice        0%         N/A       58%         2
 Passwall                 Tmut/Erth      0%         N/A       58%         2
 Call Canine Familiar     Summ           0%         N/A       83%         3
 Frozen Ramparts          Ice            0%         1d2       83%         3
 Ozocubu's Armour         Ice            0%         N/A       83%         3
 Portal Projectile        Hex/Tloc       0%         N/A       83%         3
 Swiftness                Air            0%         N/A       83%         3
 Hailstorm                Conj/Ice       0%         3d3       99%         4
 Leda's Liquefaction      Hex/Erth       0%         N/A       99%         4
 Metabolic Englaciation   Hex/Ice        0%         N/A       100%        5
 Simulacrum               Ice/Necr       0%         N/A       100%        6


Dungeon Overview and Level Annotations

Branches:
Dungeon (9/15)             Temple (1/1) D:7
   Lair: D:8-11         Orc: D:9-12

Altars:
Ashenzari
Cheibriados
Dithmenos
Elyvilon
Fedhas
Gozag
Hepliaklqana
Kikubaaqudgha
Makhleb
Nemelex Xobeh
Okawaru
Qazlal
Ru
Sif Muna
Trog
Uskayaw
Vehumet
Wu Jian
Xom
Yredelemnul
Zin
The Shining One

Shops:
D:3 ([[[:   D:5 ?


Innate Abilities, Weirdness & Mutations

Your life essence is reduced to manifest your ancestor. (-10% HP)
You are too large for most types of armour.
You have claws for hands.
Your natural rate of healing is unusually fast.
You are covered in fur. (AC +1)
You have tough skin. (AC +1)


Message History

The killer bee stings you but does no damage.
The killer bee stings you.
* * * LOW HITPOINT WARNING * * *
You are more poisoned.
The killer bee poisons you!
You feel very sick. The killer bee barely misses you.
You puncture the killer bee! You burn the killer bee.
The killer bee is almost dead.
You feel very sick. The killer bee misses you.
The killer bee barely misses you.
The killer bee stings you but does no damage.
The killer bee misses you. The killer bee barely misses you. x3
You closely miss the killer bee.
The killer bee is almost dead.
You feel very sick. The killer bee closely misses you.
The killer bee stings you.
You are more poisoned.
The killer bee poisons you! The killer bee barely misses you.
The killer bee closely misses you. The killer bee misses you.
The killer bee closely misses you. The killer bee stings you.
* * * LOW HITPOINT WARNING * * *
You closely miss the killer bee.
The killer bee is almost dead.
* * * LOW HITPOINT WARNING * * *
You feel very sick. The killer bee barely misses you.
The killer bee stings you.
* * * LOW HITPOINT WARNING * * *
The killer bee misses you. x3; The killer bee completely misses you.
The killer bee closely misses you.
The killer bee stings you but does no damage.
As you read the scroll of teleportation, it crumbles to dust.
You feel strangely unstable.
* * * LOW HITPOINT WARNING * * *
You feel very sick.
The killer bee stings you but does no damage. x3
The killer bee stings you.
* * * LOW HITPOINT WARNING * * *
The killer bee stings you.
You die...

#....#
#....#
#....#
#....#
#....#
#....#
#....#
#....#
#@y..#
######yy..#
#.....†...#
#.........#
#.........+
#.........#
######....#
#....+
#....#


You could see 3 killer bees.

Vanquished Creatures
  Gastronok (D:8)
  A two-headed ogre (D:7)
  2 slime creatures (D:8)
  A troll (D:6)
  Duvessa (D:4)
  A water moccasin (D:7)
  An acid dragon (D:5)
  A black bear (D:7)
  2 ice beasts
  2 necrophages
  2 ogres
  A centaur (D:8)
  A kobold brigand (D:7)
  3 bullfrogs
  Blork the orc (D:4)
  A scorpion (D:6)
  Dowan (D:3)
  2 killer bees (D:9)
  5 wights (D:6)
  3 howler monkeys
  3 hounds
  2 gnoll shamans
  Crazy Yiuf (D:4)
  6 orc priests
  2 centaur skeletons (D:7)
  3 jellies
  2 bullfrog skeletons
  2 iguanas
  7 orc wizards
  A scorpion zombie (D:5)
  A hound skeleton (D:4)
  2 howler monkey zombies
  A howler monkey skeleton (D:7)
  5 adders
  13 gnolls
  A white imp (D:7)
  An adder skeleton (D:4)
  2 worms
  A dart slug (D:1)
  24 orcs
  9 ball pythons
  8 bats
  13 endoplasms
  5 giant cockroaches
  13 goblins
  9 hobgoblins
  12 jackals
  4 quokkas
  2 kobolds
  A quokka skeleton (D:4)
  3 rats
192 creatures vanquished.

Vanquished Creatures (collateral kills)
  Prince Ribbit (D:7)
  A black bear (D:8)
  An ogre (D:7)
  A bullfrog (D:7)
  A hound (D:7)
  3 orc wizards
  6 orcs
14 creatures vanquished.

Vanquished Creatures (others)
  2 battlemagi
2 creatures vanquished.

Grand Total: 208 creatures vanquished

Notes
Turn   | Place    | Note
-------+----------+-------------------------------------------
     0 | D:1      | issech the Troll Monk began the quest for the Orb.
     0 | D:1      | Reached XP level 1. HP: 22/22 MP: 0/0
    45 | D:1      | Reached skill level 3 in Maces & Flails
    45 | D:1      | Reached XP level 2. HP: 28/29 MP: 1/1
   176 | D:1      | Found a faded altar of an unknown god.
   250 | D:1      | Reached XP level 3. HP: 35/36 MP: 2/2
   683 | D:2      | Reached XP level 4. HP: 42/45 MP: 3/3
  1521 | D:3      | Found Pysooriu's Book Emporium.
  1558 | D:3      | Reached skill level 4 in Maces & Flails
  1615 | D:3      | Reached XP level 5. HP: 26/53 MP: 4/4
  1897 | D:3      | Found Tedytene's Armour Shop.
  1918 | D:3      | Found Xeceixzy's Antique Armour Shop.
  2339 | D:3      | Found Dacoumah's Antique Armour Boutique.
  2678 | D:3      | Found Kata's Antique Weapon Emporium.
  3076 | D:4      | Found a stormy altar of Qazlal.
  3117 | D:4      | Noticed Dowan
  3118 | D:4      | Noticed a necrophage
  3118 | D:4      | Noticed Duvessa
  3185 | D:4      | Killed Duvessa
  3186 | D:4      | Reached skill level 5 in Maces & Flails
  3186 | D:4      | Reached XP level 6. HP: 34/61 MP: 5/5
  3224 | D:3      | Killed Dowan
  3426 | D:4      | Found a runed translucent door.
  3427 | D:4      | Noticed Crazy Yiuf
  3434 | D:4      | Killed Crazy Yiuf
  3572 | D:4      | Reached XP level 7. HP: 65/67 MP: 6/6
  3787 | D:4      | Noticed Blork the orc
  3800 | D:4      | Killed Blork the orc
  3801 | D:4      | Reached skill level 6 in Maces & Flails
  3862 | D:5      | Entered Level 5 of the Dungeon
  4085 | D:5      | Reached skill level 1 in Staves
  4405 | D:5      | Reached XP level 8. HP: 25/78 MP: 7/7
  4632 | D:5      | Found Houjiap's Magic Scroll Shoppe.
  4637 | D:5      | Bought a scroll of identify for 28 gold pieces
  4637 | D:5      | Bought a scroll of identify for 28 gold pieces
  4637 | D:5      | Bought a scroll of identify for 28 gold pieces
  4637 | D:5      | Bought a scroll of identify for 28 gold pieces
  4637 | D:5      | Bought a scroll of enchant weapon for 105 gold pieces
  4875 | D:6      | Noticed a troll
  4889 | D:6      | Killed a troll
  4999 | D:6      | Identified the +1 ring mail of Doymn {rF- rC++}
  5101 | D:6      | Reached skill level 7 in Maces & Flails
  5259 | D:6      | Reached XP level 9. HP: 63/85 MP: 8/8
  5598 | D:7      | Found a staircase to the Ecumenical Temple.
  5629 | Temple   | Entered the Ecumenical Temple
  6173 | Temple   | Became a worshipper of Hepliaklqana the Forgotten
  6173 | Temple   | Reached * piety under Hepliaklqana
  6173 | Temple   | Reached ** piety under Hepliaklqana
  6174 | Temple   | Remembered your ancestor Kenrick as a battlemage
  6312 | D:7      | Reached skill level 8 in Maces & Flails
  6398 | D:7      | Reached skill level 5 in Fighting
  6417 | D:7      | Reached skill level 5 in Dodging
  6804 | D:7      | Noticed a two-headed ogre
  6816 | D:7      | Killed a two-headed ogre
  6817 | D:7      | Reached skill level 9 in Maces & Flails
  7080 | D:7      | Noticed Prince Ribbit
  7085 | D:7      | Killed Prince Ribbit
  7482 | D:8      | Reached XP level 10. HP: 70/88 MP: 6/9
  7539 | D:8      | Noticed Gastronok
  7550 | D:8      | Killed Gastronok
  7551 | D:8      | Reached skill level 10 in Maces & Flails
  8041 | D:8      | Reached *** piety under Hepliaklqana
  8314 | D:8      | Got Spellcraft for Novices
  8397 | D:8      | Reached skill level 11 in Maces & Flails
  8835 | D:9      | HP: 4/90 [poisoned by a killer bee]
  8835 | D:9      | Slain by a killer bee

Illustrated notes

Levels and vault maps discovered:
D:1:      mrwooster_arrival_statue_2, layout_rooms,
          hellmonk_ecumenical_altar_crossroads
D:2:      layout_loops_cross, minmay_fractal_squares_5
D:3:      layout_basic, serial_shops, nicolae_shop_stone,
          nicolae_lakefront_shop, nicolae_shop_window_shopping,
          nicolae_shop_window_shopping, shop, kennysheep_cross_room,
          roderic_lattice_a
D:4:      layout_basic, nicolae_qazlal_eye_of_the_storm,
          uniq_crazy_yiuf_cottage, uniq_duvessa, uniq_blork_the_orc
D:5:      layout_loops_cross, serial_shops, nicolae_shop_hallway_plus,
          minmay_misc_feat_diagonals, amcnicky_mini_corridor_feature,
          minmay_misc_feat_cross, kennysheep_cluttered_room
D:6:      layout_cave_pools
D:7:      layout_loops_corners, minmay_temple_entry_proselytizer,
          minmay_joined_circles, uniq_prince_ribbit1
D:8:      layout_basic, uniq_gastronok
D:9:      layout_gridville, david_orc_4, minmay_ruffians
Temple:   mainiacjoe_temple_starburst

Skill      XL: |  1  2  3  4  5  6  7  8  9 10 |
---------------+-------------------------------+-----
Maces & Flails | 3 4 5 6 7 9 11 | 11.2
Fighting       | 3 4 5 6 |  6.6
Dodging        | 3 4 5 |  5.2
Staves         | 2 3 |  3.6
Stealth        | 2 |  2.3
Throwing       | |  0.2

Action                   |  1- 3 |  4- 6 |  7- 9 | 10-12 || total
-------------------------+-------+-------+-------+-------++-------
Melee: Mace              |   127 |   230 |       |       ||   357
       Punch             |     2 |     2 |       |       ||     4
       Quarterstaff      |       |     4 |    81 |       ||    85
       Giant spiked club |       |       |   126 |    57 ||   183
Throw: Large rock        |       |     1 |     1 |       ||     2
Invok: Ancestor Life: Ba |       |       |     1 |       ||     1
  Use: Scroll            |       |     7 |     5 |     5 ||    17
 Stab: Sleeping          |       |     1 |     1 |       ||     2
       Distracted        |       |       |     1 |     2 ||     3
Armor: Robe              |    72 |    50 |    41 |    26 ||   189
Dodge: Dodged            |   154 |   235 |   137 |    82 ||   608
